 Dungeon Crawl Stone Soup version 0.13.1-25-g341c717 (webtiles) character file.

4529 Chiseanne the Arsonist (level 10, -2/69 HPs)
             Began as a Hill Orc Fire Elementalist on Jan 19, 2014.
             Was a Priest of Vehumet.
             Slain by an eight-headed hydra (13 damage)
             ... on Level 1 of the Lair of Beasts.
             The game lasted 00:50:50 (12264 turns).

Chiseanne the Arsonist (HOFE)                      Turns: 12264, Time: 00:50:50

HP  -2/69        AC  7     Str 12      XL: 10   Next: 26%
MP  23/24        EV 11     Int 18      God: Vehumet [***...]
Gold 415         SH  0     Dex 14      Spells:  7 memorised,  0 levels left

Res.Fire  : + . .   See Invis. : .   d - +5,+1 quarterstaff (speed)
Res.Cold  : x . .   Warding    : .   L - +1 leather armour
Life Prot.: . . .   Conserve   : .   (no shield)
Res.Poison: .       Res.Corr.  : .   (no helmet)
Res.Elec. : .       Clarity    : .   s - +0 cloak
Sust.Abil.: . .     Spirit.Shd : .   (no gloves)
Res.Mut.  : .       Stasis     : .   K - +1 pair of dwarf boots
Res.Rott. : .       Flight     : .   (no amulet)
Saprovore : + . .                    n - cursed ring of fire
                                     x - +3 ring of dexterity

@: somewhat resistant to hostile enchantments, fairly stealthy
A: saprovore 1
a: Renounce Religion


You were on level 1 of the Lair of Beasts.
You worshipped Vehumet.
Vehumet was most pleased with you.
You were hungry.

You visited 3 branches of the dungeon, and saw 11 of its levels.

You collected 395 gold pieces.

Inventory:

Hand weapons
 d - a +5,+1 quarterstaff of speed (weapon)
 g - a +1,+3 flail
 B - a +0 blowgun
Missiles
 e - 2 darts (quivered)
Armour
 s - a +0 cloak (worn)
 K - a +1 pair of dwarven boots (worn)
 L - a +1 leather armour (worn)
Magical devices
 j - a wand of disintegration (3)
 D - a wand of frost (12)
 G - a wand of teleportation (8)
 I - a wand of fire (0)
 J - a wand of slowing (8)
Comestibles
 c - 6 meat rations
 q - 18 cheeses
 t - 2 apples
 v - 7 bread rations
Scrolls
 a - a scroll of recharging
 f - 2 scrolls of remove curse
 i - 2 scrolls of amnesia
 l - 5 scrolls of identify
 p - a scroll of magic mapping
 r - a scroll of blinking
 u - 4 scrolls of teleportation
 y - 5 scrolls of enchant armour
 z - 3 scrolls of fog
 F - a scroll of enchant weapon I
Jewellery
 h - an uncursed ring of flight
 k - an uncursed ring of ice
 m - an uncursed amulet of resist mutation {unknown}
 n - a cursed ring of fire (right hand)
 o - an uncursed amulet of inaccuracy {unknown}
 w - an uncursed ring of teleport control
 x - a +3 ring of dexterity (left hand)
Potions
 C - a potion of heal wounds
 M - a potion of agility
 N - a potion of flight
Books
 b - a book of Flames

   Spells                             Type                      Level
   *Flame Tongue                      Conjuration/Fire             1
   *Throw Flame                       Conjuration/Fire             2
   *Conjure Flame                     Conjuration/Fire             3
   *Inner Flame                       Hexes/Fire                   3
   Sticky Flame                       Conjuration/Fire             4
   *Fireball                          Conjuration/Fire             5
 A - a book of Fire

   Spells                             Type                      Level
   Fire Brand                         Charms/Fire                  2
   *Ignite Poison                     Fire/Transmutation           5
   *Fireball                          Conjuration/Fire             5
   Bolt of Fire                       Conjuration/Fire             6
   Delayed Fireball                   Conjuration/Fire             7
   Ring of Flames                     Charms/Fire                  7
 E - a book of Envenomations

   Spells                             Type                      Level
   Spider Form                        Transmutation/Poison         3
   Poison Weapon                      Charms/Poison                3
   Summon Scorpions                   Summoning/Poison             4
   Olgreb's Toxic Radiance            Poison                       4
   Poisonous Cloud                    Conjuration/Poison/Air       6
 H - a book of the Dragon

   Spells                             Type                      Level
   Flight                             Charms/Air                   3
   Cause Fear                         Hexes                        4
   Bolt of Fire                       Conjuration/Fire             6
   Dragon Form                        Transmutation                7
   Summon Dragon                      Summoning                    9


   Skills:
 - Level 1.5 Dodging
 - Level 1.5 Stealth
 * Level 6.8 Spellcasting
 * Level 7.9 Conjurations
 * Level 10.0 Fire Magic


You couldn't memorise any spells.
You knew the following spells:

 Your Spells              Type           Power        Failure   Level  Hunger
a - Flame Tongue          Conj/Fire      #####        1%          1    None
b - Throw Flame           Conj/Fire      ######       1%          2    None
c - Conjure Flame         Conj/Fire      ######..     1%          3    ##.....
d - Inner Flame           Hex/Fire       #####...     1%          3    ##.....
e - Fireball              Conj/Fire      ######....   2%          5    #####..
f - Ignite Poison         Fire/Trmt      #####.....   12%         5    #####..
g - Mephitic Cloud        Conj/Pois/Air  ###.....     4%          3    ##.....


Dungeon Overview and Level Annotations

Branches:
Dungeon (9/27)             Temple (1/1) D:5            Lair (1/8) D:9
    Orc: D:6-11

Altars:
Ashenzari
Cheibriados
Elyvilon
Fedhas
Kikubaaqudgha
Makhleb
Nemelex Xobeh
Okawaru
Sif Muna
Trog
Vehumet
Xom
Yredelemnul
Zin
the Shining One

Shops:
D:6 %


Innate Abilities, Weirdness & Mutations

You can tolerate rotten meat.


Message History

Aim: a green rat (hasn't noticed you)
You feel a surge of power!
The puff of flame hits the green rat.
You kill the green rat!
Vehumet accepts your kill.
Found 26 gold pieces.
An eight-headed hydra comes into view.
The eight-headed hydra roars!
A water moccasin comes into view.
The eight-headed hydra bites you!
The eight-headed hydra closely misses you.
The eight-headed hydra bites you but does no damage.
The eight-headed hydra bites you.
The eight-headed hydra bites you but does no damage.
The eight-headed hydra bites you!
You see here 26 gold pieces.
The eight-headed hydra bites you!
* * * LOW HITPOINT WARNING * * *
The eight-headed hydra barely misses you.
The eight-headed hydra bites you!
You die...

##...## .....# #..##
.#...## #..# S....
##.# .... ###.### #..
.##....P# #.##
.......%# #####$.#
...#...#######..#D.##
................@..#
...#P###############
...## ##


You could see an eight-headed hydra.

Vanquished Creatures
  A wyvern (D:8)
  A hungry ghost (D:8)
  Menkaure (D:7)
  A necrophage (D:7)
  2 porcupines (Lair:1)
  2 sky beasts
  2 black bears (D:8)
  2 phantoms (D:4)
  2 centaurs
  2 ice beasts
  5 ogres
  6 killer bees (D:8)
  4 giant frogs
  A hippogriff zombie (D:7)
  A cyclops skeleton (D:8)
  A wight (D:8)
  6 crimson imps
  A goliath beetle (D:8)
  A jelly (D:7)
  A centaur zombie (D:8)
  A gnoll shaman (D:7)
  3 hounds
  2 scorpions
  2 iguanas
  3 orc priests
  4 orc wizards
  5 worker ants
  An orange rat (D:7)
  A hound skeleton (D:6)
  14 gnolls
  13 adders
  10 green rats
  An inept feature mimic (D:4)
  A giant mite (D:8)
  7 worms
  6 giant geckos
  28 orcs
  A bat skeleton (D:4)
  17 goblins
  4 grey rats (D:7)
  26 hobgoblins
  10 jackals
  6 quokkas
  2 ball pythons
  12 bats
  A giant cockroach (D:8)
  9 giant newts
  A goblin skeleton (D:4)
  21 kobolds
  15 rats
  A plant (Lair:1)
271 creatures vanquished.

Vanquished Creatures (others)
  An adder (D:8)
1 creature vanquished.

Grand Total: 272 creatures vanquished

Notes
Turn   | Place    | Note
--------------------------------------------------------------
     0 | D:1      | Chiseanne, the Hill Orc Fire Elementalist, began the quest for the Orb.
     0 | D:1      | Reached XP level 1. HP: 14/14 MP: 3/3
   423 | D:1      | Reached XP level 2. HP: 1/20 MP: 0/4
   870 | D:1      | Reached skill level 4 in Fire Magic
  1210 | D:1      | Reached XP level 3. HP: 16/26 MP: 1/5
  1867 | D:2      | Reached XP level 4. HP: 13/33 MP: 0/7
  2421 | D:2      | Learned a level 2 spell: Throw Flame
  3109 | D:3      | Reached skill level 5 in Fire Magic
  3154 | D:3      | Learned a level 3 spell: Conjure Flame
  3264 | D:3      | Reached XP level 5. HP: 38/38 MP: 7/9
  4013 | D:4      | Noticed a phantom
  4036 | D:4      | Killed a phantom
  4036 | D:4      | Reached XP level 6. HP: 39/45 MP: 0/11
  4701 | D:4      | Learned a level 3 spell: Inner Flame
  4908 | D:4      | Reached XP level 7. HP: 43/50 MP: 4/14
  5141 | D:4      | Found an iron altar of Okawaru.
  5216 | D:5      | Entered Level 5 of the Dungeon
  5220 | D:5      | Reached skill level 6 in Fire Magic
  5943 | D:5      | Reached skill level 7 in Fire Magic
  5943 | D:5      | Reached XP level 8. HP: 57/57 MP: 12/17
  6154 | D:5      | Found a staircase to the Ecumenical Temple.
  6317 | Temple   | Entered the Ecumenical Temple
  6449 | Temple   | Became a worshipper of Vehumet
  6529 | D:5      | Reached skill level 5 in Conjurations
  7060 | D:6      | Found Muiss' Food Shop.
  7355 | D:6      | Acquired Vehumet's first power
  7355 | D:6      | Offered knowledge of Shock by Vehumet.
  7362 | D:6      | Learned a level 5 spell: Fireball
  7890 | D:6      | Offered knowledge of Sting by Vehumet.
  7890 | D:6      | Reached skill level 8 in Fire Magic
  8022 | D:6      | Reached skill level 5 in Spellcasting
  8022 | D:6      | Reached XP level 9. HP: 57/62 MP: 14/20
  8567 | D:7      | Noticed Menkaure
  8569 | D:7      | Killed Menkaure
  8889 | D:7      | Offered knowledge of Dazzling Spray by Vehumet.
  9224 | D:7      | Found a shimmering altar of Xom.
  9837 | D:8      | Learned a level 5 spell: Ignite Poison
  9861 | D:8      | Acquired Vehumet's second power
  9861 | D:8      | Reached skill level 9 in Fire Magic
 10182 | D:8      | Found a bloodstained altar of Trog.
 10595 | D:8      | Offered knowledge of Mephitic Cloud by Vehumet.
 10595 | D:8      | Reached XP level 10. HP: 69/69 MP: 4/23
 12006 | D:9      | Found a staircase to the Lair.
 12012 | Lair:1   | Entered Level 1 of the Lair of Beasts
 12028 | Lair:1   | Reached skill level 10 in Fire Magic
 12180 | Lair:1   | Learned a level 3 spell: Mephitic Cloud
 12259 | Lair:1   | Noticed an eight-headed hydra
 12264 | Lair:1   | Slain by an eight-headed hydra

Action                   |  1- 3 |  4- 6 |  7- 9 | 10-12 || total
-------------------------+-------+-------+-------+-------++-------
Melee: Short sword       |    44 |    24 |       |       ||    68
       Unarmed           |     7 |       |       |       ||     7
       Club              |     1 |       |       |       ||     1
       Falchion          |       |    45 |       |       ||    45
       Flail             |       |       |   115 |       ||   115
       Quarterstaff      |       |       |    63 |    51 ||   114
Throw: Dart              |     3 |       |       |       ||     3
 Cast: Flame Tongue      |    54 |   127 |   205 |    18 ||   404
       Throw Flame       |       |       |    70 |    28 ||    98
       Fireball          |       |       |    19 |    20 ||    39
       Conjure Flame     |       |       |     4 |     3 ||     7
       Inner Flame       |       |       |     3 |       ||     3
Evoke: Wand              |       |     3 |    13 |     1 ||    17
  Use: Potion            |     1 |       |    11 |       ||    12
       Scroll            |       |    17 |     6 |     3 ||    26
 Stab: Sleeping          |       |     1 |       |     1 ||     2
